 Dungeon Crawl Stone Soup version 0.21.1-1-g345015f (webtiles) character file.

88 dvd the Insei (level 4, -1/28 HPs)
             Began as an Octopode Transmuter on July 29, 2018.
             Slain by Crazy Yiuf
             ... wielding a +2 quarterstaff of chaos
              (9 damage)
             ... on level 2 of the Dungeon.
             The game lasted 00:03:36 (2051 turns).

dvd the Insei (Octopode Transmuter)                 Turns: 2051, Time: 00:03:37

Health: -1/28      AC:  1    Str:  9    XL:     4   Next: 54%
Magic:  6/7        EV: 17    Int: 16    God:
Gold:   56         SH:  0    Dex: 12    Spells: 6/7 levels left

rFire    . . .     SeeInvis .     - Unarmed
rCold    . . .     Gourm    .   (no shield)
rNeg     . . .     Faith    .   (helmet restricted)
rPois    .         Spirit   .   (no amulet)
rElec    .         Reflect  .   n - +4 ring of evasion
rCorr    .         Harm     .   (no ring)
MR       .....                  (no ring)
Stlth    +++.......             (no ring)
HPRegen  0.09/turn              (no ring)
MPRegen  0.10/turn              (no ring)
                                (no ring)
                                (no ring)

@: appendage (expiring)
A: almost no armour, stealthy swim, amphibious, 8 rings, constrict 8, tentacle
spike 3, camouflage 1, gelatinous body 1
a: End Transformation


You were on level 2 of the Dungeon.
You were not hungry.
One of your tentacles had a temporary spike.
You visited 1 branch of the dungeon, and saw 2 of its levels.

You collected 56 gold pieces.

Inventory:

Missiles
 a - 12 arrows
Jewellery
 n - a +4 ring of evasion (left tentacle)
Scrolls
 d - 3 scrolls of fog {unknown}
 e - 4 scrolls of identify {unknown}
 f - 2 scrolls of teleportation {unknown}
 i - 2 scrolls of enchant weapon {unknown}
 j - a scroll of blinking {unknown}
 q - 3 scrolls of amnesia {unknown}
Potions
 g - a potion of curing
 h - a potion of agility {unknown}
 k - a potion of degeneration {unknown}
 l - a potion of ambrosia {unknown}
 o - a potion of haste {unknown}
 p - a potion of flight {unknown}
Books
 b - a book of Changes

   Spells                             Type                      Level
   a - Beastly Appendage              Transmutation                1
   b - Sticks to Snakes               Transmutation                2
   c - Spider Form                    Transmutation/Poison         3
   d - Ice Form                       Ice/Transmutation            4
   e - Blade Hands                    Transmutation                5
 m - a book of Cantrips

   Spells                             Type                      Level
   a - Confusing Touch                Hexes                        1
   b - Animate Skeleton               Necromancy                   1
   c - Summon Small Mammal            Summoning                    1
   d - Apportation                    Translocation                1
Comestibles
 c - 5 rations
 r - 4 chunks of flesh


   Skills:
 + Level 1.4 Fighting
 + Level 2.3 Dodging
 + Level 1.4 Stealth
 + Level 3.9 Unarmed Combat
 + Level 2.4 Spellcasting
 * Level 2.7 Transmutations


You had 6 spell levels left.
You knew the following spells:

 Your Spells              Type           Power        Failure   Level  Hunger
a - Beastly Appendage     Tmut           ##....       6%          1    #......


Dungeon Overview and Level Annotations

Branches:
Dungeon (2/15)

Altars:
Ashenzari
Xom

Annotations:
D:2 Crazy Yiuf


Innate Abilities, Weirdness & Mutations

You cannot wear most types of armour.
You are very stealthy in the water. (Stealth+)
You are amphibious.
You can wear up to eight rings at the same time.
You can use your tentacles to constrict eight enemies at once.
Your skin changes colour to match your surroundings (Stealth+).
Your rubbery body absorbs attacks. (AC +1, EV +1)
One of your tentacles bears a large vicious spike.


Message History

Crazy Yiuf the Enlightened comes into view.
He is wielding a quarterstaff of chaos.
Crazy Yiuf shouts!
Found a mace.
There is an open door here.
You tentacle-slap Crazy Yiuf. Your grab misses Crazy Yiuf.
Crazy Yiuf is lightly wounded.
Crazy Yiuf hits you with a quarterstaff of chaos!
You are electrocuted!
* * * LOW HITPOINT WARNING * * *
You closely miss Crazy Yiuf. You grab Crazy Yiuf.
Crazy Yiuf is lightly wounded.
Your transformation is almost over.
You constrict Crazy Yiuf, but do no damage.
Crazy Yiuf misses you.
You tentacle-slap Crazy Yiuf but do no damage.
You pierce Crazy Yiuf.
Crazy Yiuf is moderately wounded.
You constrict Crazy Yiuf, but do no damage.
Crazy Yiuf hits you with a quarterstaff of chaos!
You die...

#....#
........##
♣)P.P♣
###.##....
♣♣)).♣
#....
♣♣.♣♣
##....
♣♣.♣
#.......
♣.♣♣
####....
♣♣.♣ #....
♣.♣♣ #....
#@# ###..
#.g.# #..
#...# #..
#)..# ###
#####


You could see Crazy Yiuf.

Vanquished Creatures
  Jessica (D:2)
  3 adders (D:2)
  A worm (D:2)
  A dart slug (D:1)
  2 bats (D:2)
  4 goblins (D:1)
  7 hobgoblins
  7 kobolds
  A quokka (D:2)
  3 frilled lizards
  3 rats
33 creatures vanquished.

Notes
Turn   | Place    | Note
-------+----------+-------------------------------------------
     0 | D:1      | dvd the Octopode Transmuter began the quest for the Orb.
     0 | D:1      | Reached XP level 1. HP: 13/13 MP: 3/3
   124 | D:1      | Reached XP level 2. HP: 17/18 MP: 3/5
   530 | D:1      | Found a shimmering altar of Xom.
   887 | D:2      | Reached XP level 3. HP: 10/23 MP: 4/6
  1761 | D:2      | Noticed Jessica
  1780 | D:2      | Killed Jessica
  1780 | D:2      | Reached skill level 1 in Stealth
  1780 | D:2      | Reached XP level 4. HP: 27/28 MP: 5/7
  1920 | D:2      | Found a shattered altar of Ashenzari.
  2042 | D:2      | Found a runed door.
  2047 | D:2      | Noticed Crazy Yiuf
  2051 | D:2      | Slain by Crazy Yiuf

Skill      XL: |  1  2  3 |
---------------+----------+-----
Stealth        | 1 |  1.4
Fighting       | |  1.4
Dodging        | |  2.3
Unarmed Combat | |  3.9
Spellcasting   | |  2.4
Transmutations | |  2.7

Action                   |  1- 3 |  4- 6 || total
-------------------------+-------+-------++-------
Melee: Unarmed           |    58 |    11 ||    69
       Constrict         |    19 |     5 ||    24
       Kick              |     8 |     2 ||    10
       Punch             |     1 |       ||     1
       Tentacles         |    10 |     1 ||    11
 Cast: Beastly Appendage |    20 |     1 ||    21
  Use: Potion            |     1 |       ||     1
 Stab: Sleeping          |     5 |       ||     5
  Eat: Chunk             |     3 |     1 ||     4
Armor: Skin              |     2 |       ||     2
Dodge: Dodged            |    33 |     2 ||    35
